 Dungeon Crawl Stone Soup version 0.31-a0-845-g9abc20d24f (webtiles) character file.

Game seed: 7157194984811563380

1764 Demosthentine the Trooper (level 8, -4/64 HPs)
             Began as a Demonspawn Gladiator on Oct 2, 2023.
             Killed by vampiric draining
             ... invoked by MathMan16's ghost
              (13 damage)
             ... on level 5 of the Dungeon.
             The game lasted 00:10:38 (4443 turns).

Demosthentine the Trooper (Demonspawn Gladiator)    Turns: 4443, Time: 00:10:39

Health: -4/64      AC:  6    Str: 16    XL:     8   Next: 79%
Magic:  8/8        EV: 14    Int:  9    God:
Gold:   324        SH:  0    Dex: 16    Spells: 7/7 levels left

rFire   + . .        a - +1 trident
rCold   . . .        (no shield)
rNeg    . . .        b - +0 leather armour
rPois   .            c - +0 helmet
rElec   .            (no cloak)
rCorr   .            f - +0 pair of gloves
SInv    .            (no boots)
Will    .....        j - amulet of regeneration
Stlth   +            y - ring of protection from fire
HPRegen 1.10/turn    (no ring)
MPRegen 0.22/turn

%: no passive effects
@: mighty, brilliant
A: hooves 2, ignite blood 1, magic regeneration
a: no special abilities


You were on level 5 of the Dungeon.
You visited 1 branch of the dungeon, and saw 5 of its levels.
You also visited: Ossuary.

You collected 324 gold pieces.

Inventory:

Hand Weapons
 a - a +1 trident (weapon)
Missiles
 d - a throwing net (quivered)
 e - a javelin
Armour
 b - a +0 leather armour (worn)
 c - a +0 helmet (worn)
 f - a +0 pair of gloves (worn)
Jewellery
 j - an amulet of regeneration (around neck)
 y - a ring of protection from fire (left hand)
Wands
 t - a wand of mindburst (14)
Scrolls
 k - 2 scrolls of teleportation
 m - a scroll of revelation
 q - 2 scrolls of fear
Potions
 g - a potion of haste
 h - a potion of enlightenment {unknown}
 i - 2 potions of mutation
 l - a potion of ambrosia
 p - a potion of curing
 r - 2 potions of lignification
 s - 2 potions of brilliance
 u - a potion of cancellation
 v - a potion of might


   Skills:
 + Level 6.0 Fighting
 + Level 5.8 Polearms
 - Level 1.7 Throwing
 + Level 4.9 Armour
 + Level 5.8 Dodging


You had 7 spell levels left.
You didn't know any spells.
Your spell library contained the following spells:

 Spells                   Type           Power      Damage    Failure   Level
 Poisonous Vapours        Pois/Air       0%         N/A       58%         2
 Mephitic Cloud           Conj/Pois/Air  0%         N/A       82%         3
 Ozocubu's Armour         Ice            0%         N/A       82%         3
 Freezing Cloud           Conj/Ice/Air   0%         6-21      100%        5
 Metabolic Englaciation   Hex/Ice        0%         N/A       100%        5
 Simulacrum               Ice/Necr       0%         N/A       100%        6


Dungeon Overview and Level Annotations

Branches:
Dungeon (5/15)            Ossuary (visited)
 Temple: D:4-7

Altars:
Kikubaaqudgha
Okawaru
Qazlal

Annotations:
D:5 MathMan16's ghost, novice HONe


Innate Abilities, Weirdness & Mutations

You have hoof-like feet.
Your demonic aura sometimes causes spilled blood to erupt in flames.
You regenerate magic rapidly.


Message History

MathMan16's ghost is severely damaged.
MathMan16's ghost hits you!
You hit MathMan16's ghost. Your kick misses MathMan16's ghost.
MathMan16's ghost is severely damaged.
MathMan16's ghost hits you but does no damage.
Unknown command.
You barely miss MathMan16's ghost. Your kick misses MathMan16's ghost.
MathMan16's ghost is severely damaged.
MathMan16's ghost draws life force from you!!
* * * LOW HITPOINT WARNING * * *
MathMan16's ghost is healed by the life force!
You feel much better. MathMan16's ghost barely misses you.
You puncture MathMan16's ghost! Your kick misses MathMan16's ghost.
MathMan16's ghost is severely damaged.
MathMan16's ghost barely misses you.
You completely miss MathMan16's ghost. Your kick misses MathMan16's ghost.
MathMan16's ghost is severely damaged.
MathMan16's ghost draws life force from you!
MathMan16's ghost is healed by the life force!
You closely miss MathMan16's ghost. Your kick misses MathMan16's ghost.
MathMan16's ghost is severely damaged.
MathMan16's ghost hits you.
* * * LOW HITPOINT WARNING * * *
You barely miss MathMan16's ghost. Your kick misses MathMan16's ghost.
MathMan16's ghost is severely damaged.
MathMan16's ghost hits you.
* * * LOW HITPOINT WARNING * * *
You puncture MathMan16's ghost! Your kick misses MathMan16's ghost.
MathMan16's ghost is almost destroyed.
MathMan16's ghost draws life force from you!
* * * LOW HITPOINT WARNING * * *
MathMan16's ghost is healed by the life force!
Unknown command.
You barely miss MathMan16's ghost. Your kick misses MathMan16's ghost.
MathMan16's ghost is severely damaged.
MathMan16's ghost barely misses you.
You closely miss MathMan16's ghost. Your kick misses MathMan16's ghost.
MathMan16's ghost is severely damaged.
MathMan16's ghost draws life force from you!
You die...

###.)...##.######............)###
..†................).......)##.#.
.##.....###.................###.#
.##.....# #.#####..<........# #..
.####.#####.###.............# ###
.....................)......#
..#######........#....[.....#
..########..##.#............#
............##.#@########...#
.....#####.###.#.WFS~~(~#.).#
)..........# #.#.########[#.#
#)##.#####.# #.#.....##>#.#.#
#.##.# #.# #..###..##.#.#.#
#.##.# #.###.##.......#.#g#
#.##.# #......#.#..####.#.#
#.##.# ####.............#.#####
#.##.###### #.###.#..######......


You could see a bullfrog, MathMan16's ghost and an adder.

Vanquished Creatures
  Sigmund (D:2)
  An ice beast (D:5)
  An ogre (D:5)
  A centaur (D:5)
  2 phantoms
  A gnoll sergeant (D:5)
  2 scorpions (D:4)
  A wyvern zombie (Ossuary)
  4 bullfrog zombies (Ossuary)
  4 hounds
  2 centaur zombies (Ossuary)
  2 jellies (D:5)
  12 mummies (Ossuary)
  3 iguanas (D:5)
  3 killer bee zombies (Ossuary)
  A howler monkey zombie (Ossuary)
  6 gnolls
  12 adders
  A shadow imp (D:5)
  An ufetubus (D:5)
  3 dart slugs
  6 orcs (D:3)
  6 ball pythons
  2 endoplasms
  A giant cockroach (D:3)
  A goblin (D:1)
  7 hobgoblins
  5 jackals
  2 quokkas
  2 bats (D:1)
  3 frilled lizards
  A goblin zombie (D:4)
  3 kobolds
  9 rats
112 creatures vanquished.

Notes
Turn   | Place    | Note
-------+----------+-------------------------------------------
     0 | D:1      | Demosthentine the Demonspawn Gladiator began the quest for
                  | the Orb.
     0 | D:1      | Reached XP level 1. HP: 16/16 MP: 1/1
   206 | D:1      | Gained mutation: You have large cloven feet. [demonic
                  | ancestry]
   206 | D:1      | Reached XP level 2. HP: 21/22 MP: 2/2
   725 | D:2      | Noticed Sigmund
   739 | D:2      | Killed Sigmund
   740 | D:2      | Reached skill level 3 in Fighting
   740 | D:2      | Reached XP level 3. HP: 11/29 MP: 3/3
   740 | D:2      | Reached XP level 4. HP: 13/35 MP: 4/4
   740 | D:2      | Gained mutation: You have hoof-like feet. [demonic
                  | ancestry]
   740 | D:2      | Reached XP level 5. HP: 16/41 MP: 5/5
  1218 | D:3      | Found an iron altar of Okawaru.
  1296 | D:3      | Found an ancient bone altar of Kikubaaqudgha.
  1807 | D:3      | Found a faded altar of an unknown god.
  2035 | D:4      | Found a sand-covered staircase.
  2047 | Ossuary  | Entered an ossuary
  2067 | Ossuary  | Reached XP level 6. HP: 47/47 MP: 6/6
  2155 | Ossuary  | Reached skill level 4 in Fighting
  2203 | Ossuary  | Gained mutation: You regenerate magic rapidly. [demonic
                  | ancestry]
  2203 | Ossuary  | Reached XP level 7. HP: 54/54 MP: 7/7
  2881 | D:4      | Reached skill level 5 in Dodging
  2975 | D:4      | Reached skill level 5 in Fighting
  2975 | D:4      | Reached skill level 5 in Polearms
  2975 | D:4      | Gained mutation: Your demonic aura sometimes causes spilled
                  | blood to erupt in flames. [demonic ancestry]
  2975 | D:4      | Reached XP level 8. HP: 58/62 MP: 8/8
  3166 | D:5      | Entered Level 5 of the Dungeon
  3166 | D:5      | Found a runed translucent door.
  3201 | D:5      | Noticed MathMan16's ghost (novice HONe)
  3900 | D:5      | Found a stormy altar of Qazlal.
  3972 | D:5      | Reached skill level 6 in Fighting
  4443 | D:5      | Killed from afar by MathMan16's ghost

Illustrated notes

Levels and vault maps discovered:
D:1:      dpeg_arrival_stonehenge_8_columns, layout_basic,
          nicolae_figureground_sparkle
D:2:      layout_rooms, uniq_sigmund
D:3:      layout_basic, mainiacjoe_overflow_chevrons, amcnicky_altar_gilded,
          hellmonk_ecumenical_altar_heavens_door,
          nicolae_concentric_dashed_squares_wild, grunt_ministairs_5,
          dreamdust_wishing_well, minivault_27
D:4:      layout_rooms, serial_glass, glass_columns_b, glass_columns_b,
          glass_columns_b, glass_columns_c, glass_columns_c, glass_columns_a,
          glass_columns_b, glass_columns_b, glass_columns_a, glass_columns_a,
          minmay_strange_pillars, enter_ossuary_3, serial_bayou_pond_a
D:5:      minmay_octagon_keep, layout_loops_ring,
          nicolae_qazlal_eye_of_the_storm, ebering_ghost_sewer_d

Skill      XL: |  1  2  3  4  5  6  7  8 |
---------------+-------------------------+-----
Fighting       | 3 4 5 6 |  6.0
Polearms       | 3 4 5 |  5.8
Armour         | 2 3 4 |  4.9
Dodging        | 3 4 5 |  5.8
Throwing       | |  1.7

Action                     |  1- 3 |  4- 6 |  7- 9 || total
---------------------------+-------+-------+-------++-------
  Melee: Trident           |    42 |   131 |   276 ||   449
         Punch             |     1 |     2 |     5 ||     8
         Kick              |     2 |    32 |    65 ||    99
  Throw: Throwing net      |     2 |       |     4 ||     6
    Use: Scroll            |     2 |     4 |    10 ||    16
         Potion            |       |       |     6 ||     6
   Stab: Sleeping          |     2 |     1 |       ||     3
         Invisible         |       |       |     3 ||     3
 Armour: Leather armour    |    14 |    52 |   140 ||   206
  Dodge: Dodged            |     9 |    69 |   132 ||   210

Table legend: (Time is in decaauts)
 A = Elapsed time spent in this place.
 B = Non-inter-level travel time spent in this place.
 C = Inter-level travel time spent in this place.
 D = Time resting spent in this place.
 E = Time spent auto-exploring this place.
 F = Levels seen in this place.
 G = Mean time per level.
                   A        B        C        D        E       F      G
               +--------+--------+--------+--------+--------+-----+--------+
         Total |   4529 |   4377 |    152 |    137 |   3159 |   6 |  754.8 |
       Dungeon |   3887 |   3735 |    152 |     37 |   2904 |   5 |  777.4 |
       Ossuary |    641 |    641 |      0 |    100 |    255 |   1 |  641.0 |
               +--------+--------+--------+--------+--------+-----+--------+

Top non-repeatable levels by time:
     D:5: 1189 daAuts
     D:3: 842 daAuts
     D:1: 717 daAuts
     D:4: 713 daAuts
 Ossuary: 641 daAuts
     D:2: 424 daAuts
